AoeStats
← EL TIGRE ABELARDO

Nomad

511021891Analyzed
4v4 RM · 7h ago on Oct 3, 2026· 51m 3s· 8 players
Game mode
Random Map
Map size
231×231
Population
200
Speed
Normal
Resources
Standard
Victory
Conquest
Starting age
Dark Age
Ending age
Imperial Age
RankedLock teamsTeams togetherTeam positionsShared explorationLock speedFull tech treeHidden civsTurbo modeCheats
Victory
Defeat
🇨🇴 Malay · Colombia
1652
+8
🇫🇷 Ethiopians · France
1599
+9
🇦🇷 Magyars · Argentina
1589
+10
🇹🇷 Bengalis · Türkiye
1517
+12
🇦🇺 Poles · Australia
1494
-11
🇩🇰 Portuguese · Denmark
1476
-11
🇸🇪 Wei · Sweden
1415
-9
🇧🇷 Burmese · Brazil
1383
-8
EL TIGRE ABELARDO
4:47 Loom
14:36 Feudal Age
14:20 Double-Bit Axe
14:47 Fishing Lines
17:43 Castle Age
15:40 Horse Collar
17:53 Wheelbarrow
17:34 Bow Saw
17:44 Heavy Plow
18:10 Gillnets
20:54 Town Watch
21:27 Hand Cart
21:13 Gold Mining
22:59 Gold Shaft Mining
23:00 Stone Mining
25:47 Stone Shaft Mining
25:24 Fletching
31:02 Imperial Age
28:45 Forging
28:50 Scale Barding Armor
30:21 Iron Casting
29:48 Husbandry
30:15 Bodkin Arrow
31:14 Crop Rotation
31:21 Elite Battle Elephant
33:43 Blast Furnace
32:12 Light Cavalry
33:50 Coinage
36:36 Padded Archer Armor
37:35 Leather Archer Armor
38:01 Banking
37:46 Bracer
38:11 Thumb Ring
37:26 Crossbowman
39:18 Ring Archer Armor
39:35 Ballistics
40:16 Chemistry
39:47 Arbalester
41:49 Town Patrol
44:10 Masonry
45:59 Murder Holes
46:15 Squires
46:13 Elite Karambit Warrior
47:16 Conscription
B.
5:19 Loom
6:43 Loom
12:25 Feudal Age
16:04 Castle Age
14:52 Double-Bit Axe
14:59 Fletching
15:09 Padded Archer Armor
16:56 Bow Saw
16:08 Crossbowman
16:44 Bodkin Arrow
21:56 Horse Collar
37:32 Loom
40:32 Wheelbarrow
43:16 Hand Cart
43:46 Gold Mining
44:01 Heavy Plow
48:01 Imperial Age
46:11 Leather Archer Armor
46:20 Ballistics
46:21 Thumb Ring
50:18 Chemistry
48:40 Arbalester
49:21 Bracer
51:22 Siege Engineers
51:27 Masonry
Asator
5:07 Loom
13:01 Feudal Age
16:17 Fletching
18:11 Horse Collar
18:17 Double-Bit Axe
20:12 Padded Archer Armor
25:38 Castle Age
26:55 Wheelbarrow
31:24 Bow Saw
33:58 Wheelbarrow
33:05 Fishing Lines
34:26 Gold Mining
35:32 Gillnets
36:32 Bodkin Arrow
38:21 Leather Archer Armor
38:52 Ballistics
39:31 Thumb Ring
40:21 Hand Cart
40:09 Husbandry
43:12 Imperial Age
41:32 Town Watch
42:01 Light Cavalry
42:51 Bloodlines
43:32 Bloodlines
43:11 Crossbowman
43:15 Heavy Cavalry Archer
43:58 Bracer
45:24 Chemistry
44:56 Parthian Tactics
46:32 Two-Man Saw
45:33 Heavy Plow
45:08 Hussar
45:50 Recurve Bow
46:37 Conscription
45:44 Hussar
47:20 Bracer
48:10 Scale Barding Armor
49:57 Chain Barding Armor
vela
4:25 Loom
12:27 Feudal Age
13:39 Double-Bit Axe
14:26 Town Watch
15:31 Town Watch
16:04 Fletching
16:36 Horse Collar
20:39 Wheelbarrow
25:43 Castle Age
24:35 Gold Mining
24:37 Stone Mining
25:38 Fishing Lines
26:50 Bodkin Arrow
27:36 Medium Warships
31:13 Gillnets
34:25 Hand Cart
34:47 Town Patrol
39:11 Imperial Age
37:58 Padded Archer Armor
38:25 Ballistics
38:27 Paiks
39:18 Leather Archer Armor
39:23 Clinker Construction
40:54 Chemistry
39:57 Bracer
40:24 Conscription
41:07 Scale Mail Armor
42:57 Heavy Warships
43:03 Ring Archer Armor
43:32 Bow Saw
43:22 Heavy Plow
43:58 Gold Shaft Mining
42:58 Elite Elephant Archer
45:51 Mahayana
47:07 Two-Man Saw
46:39 Crop Rotation
Lord Longshaft
13:42 Feudal Age
14:24 Loom
17:35 Castle Age
15:29 Gold Mining
20:59 Town Watch
25:54 Double-Bit Axe
28:14 Horse Collar
30:07 Stone Mining
37:36 Wheelbarrow
38:57 Stone Shaft Mining
39:55 Bow Saw
43:52 Stone Shaft Mining
44:40 Hand Cart
47:43 Imperial Age
45:13 Fletching
PNLN | maromba_aoe
4:52 Loom
13:12 Feudal Age
17:15 Castle Age
16:14 Horse Collar
16:46 Town Watch
24:47 Sanctity
25:48 Wheelbarrow
25:40 Redemption
33:34 Hand Cart
37:29 Fletching
38:40 Scale Mail Armor
38:50 Forging
38:43 Pikeman
39:24 Squires
40:19 Chain Mail Armor
40:40 Iron Casting
44:00 Bodkin Arrow
What's bro yappin about?
5:08 Loom
14:45 Feudal Age
19:47 Castle Age
20:08 Scale Barding Armor
20:16 Forging
20:01 Double-Bit Axe
23:00 Iron Casting
23:06 Bow Saw
28:48 Husbandry
31:27 Chain Barding Armor
32:36 Horse Collar
34:07 Town Watch
34:59 Wheelbarrow
37:14 Hand Cart
40:58 Imperial Age
39:01 Tuntian
40:19 Iron Casting
41:00 Heavy Plow
41:35 Bloodlines
41:01 Heavy Hei Guang Cavalry
42:43 Conscription
43:50 Blast Furnace
42:58 Gold Mining
44:15 Ming Guang Armor
45:28 Fletching
Soma
4:30 Loom
14:11 Feudal Age
14:48 Double-Bit Axe
18:47 Castle Age
18:58 Fletching
33:34 Wheelbarrow
33:10 Bow Saw
32:46 Horse Collar
33:21 Scale Mail Armor
33:50 Forging
37:45 Chain Mail Armor
39:10 Iron Casting
38:01 Pikeman
38:41 Squires
42:00 Heavy Plow
44:46 Imperial Age
44:41 Gold Mining
44:45 Stone Mining
45:31 Hand Cart
44:54 Elite Obuch
45:55 Conscription
46:58 Plate Mail Armor
47:29 Blast Furnace
46:35 Scale Barding Armor
47:00 Szlachta Privileges
48:12 Lechitic Legacy
49:20 Bloodlines
49:11 Husbandry
48:32 Cavalier
Connection lost

Rejoining the realm…

Still unreachable

The connection could not be restored.

Session expired

The server has moved on; the page needs a fresh start.